 Dungeon Crawl Stone Soup version 0.29-a0-2-g12fcac58f8 (webtiles) character file.

Game seed: 10225927606798724156

141 oldriver the Magician (level 5, -6/34 HPs)
             Began as an Octopode Hedge Wizard on Jan 26, 2022.
             Succumbed to a kobold brigand's curare-tipped dart
             ... in a sewer.
             The game lasted 00:05:53 (3086 turns).

oldriver the Magician (Octopode Hedge Wizard)       Turns: 3086, Time: 00:05:54

Health: -6/34      AC:  1    Str:  6 (9)  XL:     5   Next: 24%
Magic:  16/19      EV: 13    Int: 17 (18) God:
Gold:   84         SH:  0    Dex: 11 (12) Spells: 8/11 levels left

rFire   . . .      SeeInvis .   a - +0 dagger (freeze)
rCold   . . .      Faith    .   (no shield)
rNeg    . . .      Spirit   .   b - +0 hat
rPois   .          Reflect  .   (no amulet)
rElec   .          Harm     .   e - ring of magical power
rCorr   .          Rampage  .   (no ring)
Will    .....                   (no ring)
Stlth   +++.......              (no ring)
HPRegen 0.11/turn               (no ring)
MPRegen 0.16/turn               (no ring)
                                (no ring)
                                (no ring)

@: lethally poisoned (-6 -> -28), slowed, very slow
A: almost no armour, amphibious, 8 rings, camouflage 1, gelatinous body 1,
(nimble swimmer 1), tentacles
a: no special abilities


You were in a sewer.
You visited 1 branch of the dungeon, and saw 3 of its levels.
You also visited: Sewer.

You collected 84 gold pieces.

Inventory:

Hand Weapons
 a - a +0 dagger of freezing (weapon)
Missiles
 h - 6 poisoned darts
Armour
 b - a +0 hat (worn)
Jewellery
 e - a ring of magical power (left tentacle)
Wands
 m - a wand of iceblast (8)
Scrolls
 g - a scroll of identify
Potions
 c - a potion of attraction


   Skills:
 + Level 2.2 Fighting
 - Level 2.0 Dodging
 - Level 3.0 Stealth
 + Level 3.9 Spellcasting
 + Level 2.9 Conjurations
 - Level 1.0 Summonings
 - Level 1.0 Translocations


You had 8 spell levels left.
You knew the following spells:

 Your Spells              Type           Power      Damage    Failure   Level
a - Magic Dart            Conj           52%        1d5       4%          1
b - Call Imp              Summ           6%         N/A       16%         2

Your spell library contained the following spells:

 Spells                   Type           Power      Damage    Failure   Level
 Slow                     Hex            12%        N/A       16%         1
 Blink                    Tloc           12%        N/A       16%         2
 Conjure Flame            Conj/Fire      8%         6-21      26%         3
 Mephitic Cloud           Conj/Pois/Air  6%         N/A       32%         3


Dungeon Overview and Level Annotations

Branches:
Dungeon (3/15)              Sewer (1/1)

Altars:

Shops:
D:1 *   D:3 *


Innate Abilities, Weirdness & Mutations

You cannot wear most types of armour.
You are amphibious.
You can wear up to eight rings at the same time.
Your skin changes colour to match your surroundings (Stealth+).
Your rubbery body absorbs attacks. (AC +1, EV +1)
((You are camouflaged when in or above water. (Stealth+)))
You have tentacles for arms and can constrict up to eight enemies at once.


Message History

Your white imp barely misses the kobold brigand.
The kobold brigand throws a poisoned dart.
The poisoned dart barely misses your white imp.
The poisoned dart closely misses the kobold brigand.
The poisoned dart hits you!
You are more poisoned.
It was a potion of degeneration.
There was something very wrong with that liquid.
You feel weakened.
You feel dopey.
You feel clumsy.
You feel very sick.
The kobold brigand throws a poisoned dart.
The poisoned dart hits your white imp!
The kobold brigand throws a curare-tipped dart.
The curare-tipped dart hits you.
You are lethally poisoned!
You have difficulty breathing.
* * * LOW HITPOINT WARNING * * *
You feel as though you will be slow longer.
Your white imp gestures at the kobold brigand.
The puff of frost misses the kobold brigand.
Okay, then.
Aiming: Iceblast
Press: ? - help, Shift-Dir - straight line, p - kobold brigand Really fire at your white imp?
Okay, then.
Aiming: Iceblast
Press: ? - help, Shift-Dir - straight line The mass of ice explodes!
The iceblast engulfs the kobold brigand!
The kobold brigand is almost dead.
* * * LOW HITPOINT WARNING * * *
You feel extremely sick.
You hear a shout!
The kobold brigand throws a curare-tipped dart.
The curare-tipped dart completely misses you.
Your white imp closely misses the kobold brigand.
The kobold brigand throws a curare-tipped dart.
The curare-tipped dart closely misses you.
Okay, then.
Okay, then.
You die...

#.≈.# #.≈.# #≈≈.#
#.≈.# #≈..##
##5K≈# #≈≈..##
##.K≈≈#
#.≈...#####...≈≈#
##≈.≈.≈≈≈≈≈≈≈.≈##
###.≈≈.≈≈≈≈.###
##.≈..≈≈.## ≈
##≈..≈.≈@##
≈.##≈...≈≈...##≈
.≈.≈≈.≈.≈..≈.≈.≈
≈≈≈...≈.≈..≈..≈≈≈
.≈≈≈....∩...≈..≈≈#
≈≈.≈≈≈....≈.≈≈≈≈≈#
≈≈≈..≈..∩.≈.≈≈≈.≈#
≈≈≈.≈≈≈..≈≈...≈.≈#
..≈≈...≈≈≈≈..≈.≈


You could see 2 kobold brigands and a friendly white imp (summoned).

Vanquished Creatures
  A phantom (D:3)
  3 adders (D:2)
  3 worms
  4 endoplasms (D:1)
  2 giant cockroaches (D:2)
  A goblin (D:1)
  2 hobgoblins
  A quokka (D:1)
  2 ball pythons
  4 bats
  3 frilled lizards (D:1)
  3 kobolds
  6 rats
35 creatures vanquished.

Vanquished Creatures (collateral kills)
  A kobold (D:3)
  A frilled lizard (D:2)
2 creatures vanquished.

Grand Total: 37 creatures vanquished

Notes
Turn   | Place    | Note
-------+----------+-------------------------------------------
     0 | D:1      | oldriver the Octopode Hedge Wizard began the quest for the
                  | Orb.
     0 | D:1      | Reached XP level 1. HP: 11/11 MP: 4/4
    62 | D:1      | Found Woeleuwye's Assorted Antiques.
   370 | D:1      | Reached XP level 2. HP: 6/17 MP: 6/6
   650 | D:1      | You fall into a shaft and drop 1 floor!
  1296 | D:2      | Reached XP level 3. HP: 17/22 MP: 5/7
  1675 | D:2      | Reached skill level 1 in Fighting
  1850 | D:2      | Learned a level 2 spell: Call Imp
  2021 | D:2      | Found a faded altar of an unknown god.
  2221 | D:2      | Reached XP level 4. HP: 28/28 MP: 9/9
  2462 | D:2      | Noticed a scorpion
  2597 | D:3      | Noticed a phantom
  2622 | D:3      | Found Jeop's General Store.
  2710 | D:3      | Killed a phantom
  2711 | D:3      | Reached XP level 5. HP: 11/34 MP: 2/10
  2829 | D:3      | Found a glowing drain.
  2860 | Sewer    | Entered a sewer
  2945 | Sewer    | Noticed a kobold brigand
  3057 | Sewer    | Noticed a kobold brigand
  3064 | Sewer    | Noticed a kobold brigand
  3064 | Sewer    | Noticed a kobold brigand
  3085 | Sewer    | HP: 1/34 [poisoned by a kobold brigand (curare-tipped
                  | dart)]
  3086 | Sewer    | Succumbed to a kobold brigand's curare-tipped dart

Illustrated notes

Levels and vault maps discovered:
D:1:      dpeg_arrival_connections, layout_loops_cross, serial_shops,
          shop_statue
D:2:      layout_loops_corners, ebering_ecumenical_altar_webs
D:3:      minmay_skewed_foursquare, layout_basic, cheibrodos_sewer_entry_bend,
          serial_shops, shop_statue, serial_glass, glass_columns_c,
          glass_columns_a, glass_columns_a, glass_columns_b, glass_columns_b,
          glass_columns_c, minmay_cut_off
Sewer:    sewer_co_tree

Skill      XL: |  1  2  3  4 |
---------------+-------------+-----
Stealth        | 3 |  3.0
Conjurations   | 2 |  2.9
Fighting       | 1 2 |  2.2
Dodging        | |  2.0
Spellcasting   | |  3.9
Summonings     | |  1.0
Translocations | |  1.0

Action                   |  1- 3 |  4- 6 || total
-------------------------+-------+-------++-------
Melee: Dagger            |     5 |       ||     5
       Constrict         |     1 |       ||     1
 Cast: Magic Dart        |    81 |    44 ||   125
       Call Imp          |     2 |    12 ||    14
Evoke: Wand              |       |     1 ||     1
  Use: Scroll            |       |     5 ||     5
       Potion            |       |     2 ||     2
Armor: Skin              |     4 |       ||     4
Dodge: Dodged            |    23 |    12 ||    35

Table legend: (Time is in decaauts)
 A = Elapsed time spent in this place.
 B = Non-inter-level travel time spent in this place.
 C = Inter-level travel time spent in this place.
 D = Time resting spent in this place.
 E = Time spent auto-exploring this place.
 F = Levels seen in this place.
 G = Mean time per level.
                   A        B        C        D        E       F      G
               +--------+--------+--------+--------+--------+-----+--------+
         Total |   3088 |   2926 |    162 |    731 |   1692 |   4 |  772.0 |
       Dungeon |   2860 |   2698 |    162 |    665 |   1625 |   3 |  953.3 |
         Sewer |    227 |    227 |      0 |     66 |     67 |   1 |  227.0 |
               +--------+--------+--------+--------+--------+-----+--------+

Top non-repeatable levels by time:
     D:2: 1376 daAuts
     D:1: 1163 daAuts
     D:3: 321 daAuts
   Sewer: 227 daAuts
